 Dungeon Crawl Stone Soup version 0.31-a0-174-g85c54bcb58 (webtiles) character file.

Game seed: 7596046411792500487

479 qw the Chopper (level 7, -2/43 HPs)
             Began as a Gargoyle Fighter on June 15, 2023.
             Was an Initiate of Okawaru.
             Killed by divine providence
             ... invoked by an orc priest
              (12 damage)
             ... on level 5 of the Dungeon.
             The game lasted 00:01:43 (3436 turns).

qw the Chopper (Gargoyle Fighter)                   Turns: 3436, Time: 00:01:44

Health: -2/43      AC: 13    Str: 21    XL:     7   Next: 11%
Magic:  6/7        EV: 13    Int:  9    God:    Okawaru [......]
Gold:   135        SH:  4    Dex:  9    Spells: 6/6 levels left

rFire   . . .        l - +0 broad axe
rCold   . . .        c - +0 buckler
rNeg    + . .        f - +0 chain mail
rPois   inf          (no helmet)
rElec   +            (no cloak)
rCorr   .            (no gloves)
SInv    .            (no boots)
Will    .....        (no amulet) Stlth
                     o - +5 ring of evasion
HPRegen 0.27/turn    (no ring)
MPRegen 0.10/turn

%: no passive effects
@: about to teleport
A: sickness immunity, AC +4, negative energy resistance 1, electricity
resistance, torment resistance 1, petrification resistance
a: Renounce Religion


You were on level 5 of the Dungeon.
You worshipped Okawaru.
Okawaru was noncommittal.
You visited 1 branch of the dungeon, and saw 5 of its levels.

You collected 212 gold pieces.
You spent 77 gold pieces at shops.


Innate Abilities, Weirdness & Mutations

You are immune to sickness and miasma.
Your stone body is resilient. (AC +4)
You are immune to poison.
You resist negative energy. (rN+)
You are resistant to electric shocks. (rElec)
You are resistant to unholy torment.
You are immune to petrification.


   Skills:
 - Level 4.0 Fighting
 + Level 6.3 Axes
 - Level 3.2 Armour
 - Level 1.0 Dodging
 - Level 3.2 Shields
 - Level 0.2 Invocations


You had 6 spell levels left.
You didn't know any spells.
Your spell library was empty.

Inventory:

Hand Weapons
 k - a +0 flail
 l - a +0 broad axe (weapon)
Armour
 c - a +0 buckler (worn)
 f - a +0 chain mail (worn)
Jewellery
 o - a +5 ring of evasion (left hand)
Scrolls
 a - a scroll of identify
 e - a scroll of teleportation
Potions
 b - a potion of attraction
 d - 5 potions of might
 g - a potion of heal wounds
 h - 3 potions of curing
 i - a potion of mutation
 j - a potion of haste

Dungeon Overview and Level Annotations

Branches:
Dungeon (5/15)
 Temple: D:4-7

Altars:
Dithmenos
Okawaru

Shops:
D:3 ?


Message History

You kill the scorpion!
Okawaru accepts your kill.
You have reached level 7!
You barely miss the orc priest.
The orc priest hits you but does no damage.
You closely miss the orc priest.
An orc wizard comes into view.
It is wielding a +0 dagger and wearing a +1 robe of willpower.
The orc priest hits you but does no damage.
The orc priest mumbles some strange prayers to Beogh against you.
Pain shoots through your body!
The orc wizard shouts!
You hit the orc priest.
The orc priest is moderately wounded.
You hear a shout!
The orc priest hits you but does no damage.
You barely miss the orc priest.
The orc priest is moderately wounded.
The orc priest calls down the wrath of Beogh upon you.
Pain shoots through your body!
You closely miss the orc priest.
The orc priest is moderately wounded.
The orc wizard casts a spell.
The orc wizard flickers and vanishes!
Deactivating autopickup; reactivate with Ctrl-A.
An orc comes into view. It is wielding a +0 falchion.
The orc priest invokes the aid of Beogh against you.
Pain shoots through your body!
The orc priest invokes the aid of Beogh against you.
Beogh smites you!
You hit the orc priest but do no damage.
The orc priest is moderately wounded.
The orc priest mumbles some strange prayers to Beogh against you.
Beogh smites you!
A white imp comes into view.
3436 ||| READING 2 scrolls of teleportation.
As you read the scroll of teleportation, it crumbles to dust.
You feel strangely unstable.
The orc priest invokes the aid of Beogh against you.
Beogh smites you!
You die...

... #.#......... ..
#.#)........ ..
##.#......... .
#............
#.#+##..#.........
##.#.##..#.........
#.?.{o[.o#########
..>[.#o###.....#
##. #@# ####....
#.# ... #.# .. #.#
# #.# #.# #.# #.#


You could see an orc priest and an orc.

Vanquished Creatures
  Pargi (D:3)
  2 scorpions
  A howler monkey (D:4)
  A hound (D:4)
  A sleepcap (D:5)
  8 adders
  An ufetubus (D:4)
  2 worms
  A dart slug (D:1)
  6 orcs (D:4)
  6 ball pythons
  4 endoplasms
  5 giant cockroaches
  9 goblins
  9 hobgoblins
  4 quokkas
  10 bats
  3 frilled lizards
  5 kobolds
  5 rats
84 creatures vanquished.

Notes
Turn   | Place    | Note
-------+----------+-------------------------------------------
     0 | D:1      | qw the Gargoyle Fighter began the quest for the Orb.
     0 | D:1      | Reached XP level 1. HP: 14/14 MP: 1/1
     0 | D:1      | 0 ||| qw: Version: 0.2-a-29-g511e9b1
     0 | D:1      | 0 ||| qw: Game counter: 5314
     0 | D:1      | 0 ||| qw: Always use a shield: true
     0 | D:1      | 0 ||| qw: God list: Okawaru
     0 | D:1      | 0 ||| qw: Allow faded altars: false
     0 | D:1      | 0 ||| qw: Do Orc after D:15 true
     0 | D:1      | 0 ||| qw: Do second Lair branch before Depths: true
     0 | D:1      | 0 ||| qw: Lair rune preference: random
     0 | D:1      | 0 ||| qw: Plans: Normal, Zot:1-4, Slime:5, God:TSO, Crypt,
                  | Tomb, Abyss, Pan, Hells, Win
     0 | D:1      | 0 ||| PLANNING D:1-11
    88 | D:1      | Reached skill level 2 in Axes
   150 | D:1      | Reached XP level 2. HP: 14/19 MP: 2/2
   176 | D:1      | 176 ||| FLEEEEING.
   319 | D:1      | Reached skill level 3 in Axes
   389 | D:1      | Reached XP level 3. HP: 19/23 MP: 3/3
   558 | D:1      | 558 ||| Stepping ~*~*~tactically~*~*~ (stealth).
   560 | D:1      | 560 ||| Stepping ~*~*~tactically~*~*~ (stealth).
   776 | D:1      | 776 ||| UPGRADING to +0 chain mail.
   786 | D:1      | 786 ||| DROPPING +0 scale mail.
   787 | D:1      | 787 ||| READING 2 scrolls labelled IWIBBUVELA.
   788 | D:1      | 788 ||| READING scroll labelled MIMUOTILEX.
   791 | D:1      | 791 ||| READING scroll labelled QIUPAXZYSH.
   792 | D:1      | 792 ||| READING scroll labelled BIMINT MIXU.
   793 | D:1      | 793 ||| READING scroll labelled FAUZUNOQOCS.
  1021 | D:2      | 1021 ||| Stepping ~*~*~tactically~*~*~ (stealth).
  1037 | D:2      | Reached XP level 4. HP: 25/28 MP: 4/4
  1084 | D:2      | 1084 ||| Stepping ~*~*~tactically~*~*~ (stealth).
  1173 | D:2      | Reached skill level 4 in Axes
  1422 | D:2      | 1422 ||| READING scroll labelled RUBBA AJANAYSM.
  1423 | D:2      | 1423 ||| DRINKING 3 grey potions.
  1424 | D:2      | 1424 ||| READING 2 scrolls of identify.
  1424 | D:2      | 1424 ||| IDENTIFYING lumpy black potion
  1499 | D:3      | 1499 ||| Stepping ~*~*~tactically~*~*~ (stealth).
  1566 | D:3      | Found Useng's Magic Scroll Emporium.
  1575 | D:3      | 1575 ||| BUYING scroll of identify (22 gold).
  1575 | D:3      | Bought a scroll of identify for 22 gold pieces
  1575 | D:3      | 1575 ||| BUYING scroll of identify (22 gold).
  1575 | D:3      | Bought a scroll of identify for 22 gold pieces
  1575 | D:3      | 1575 ||| BUYING scroll of teleportation (33 gold).
  1575 | D:3      | Bought a scroll of teleportation for 33 gold pieces
  1633 | D:3      | 1633 ||| DROPPING +0 club.
  1678 | D:3      | Reached XP level 5. HP: 29/32 MP: 5/5
  1761 | D:3      | Found an iron altar of Okawaru.
  1761 | D:3      | Found a shadowy altar of Dithmenos.
  1762 | D:3      | 1762 ||| PLANNING OKAWARU WORSHIP
  1762 | D:3      | 1762 ||| READING 3 scrolls of identify.
  1762 | D:3      | 1762 ||| IDENTIFYING sapphire potion
  1763 | D:3      | 1763 ||| READING 2 scrolls of identify.
  1763 | D:3      | 1763 ||| IDENTIFYING ruby potion
  1768 | D:3      | Became a worshipper of Warmaster Okawaru
  1769 | D:3      | 1769 ||| PLANNING D:1-11
  1826 | D:3      | Noticed Pargi
  1854 | D:3      | Killed Pargi
  1855 | D:3      | Reached skill level 5 in Axes
  2014 | D:3      | Reached XP level 6. HP: 37/37 MP: 6/6
  2107 | D:3      | 2107 ||| Stepping ~*~*~tactically~*~*~ (hiding).
  2109 | D:3      | 2109 ||| Stepping ~*~*~tactically~*~*~ (hiding).
  2110 | D:3      | 2110 ||| Stepping ~*~*~tactically~*~*~ (hiding).
  2364 | D:3      | 2364 ||| READING scroll labelled ETUXTI JEMO.
  3080 | D:4      | Reached skill level 6 in Axes
  3217 | D:4      | 3217 ||| DROPPING ring of flight.
  3218 | D:4      | 3218 ||| UPGRADING to +5 ring of evasion.
  3219 | D:4      | 3219 ||| READING scroll labelled ONI KEALOTZET.
  3247 | D:4      | 3247 ||| READING 3 scrolls of identify.
  3247 | D:4      | 3247 ||| IDENTIFYING green potion
  3248 | D:4      | 3248 ||| READING 2 scrolls of identify.
  3248 | D:4      | 3248 ||| IDENTIFYING brown potion
  3249 | D:4      | 3249 ||| DROPPING potion of berserk rage.
  3291 | D:5      | Entered Level 5 of the Dungeon
  3298 | D:5      | Reached * piety under Okawaru
  3400 | D:5      | 3400 ||| UPGRADING to +0 broad axe.
  3401 | D:5      | 3401 ||| DROPPING +1 war axe.
  3419 | D:5      | 3419 ||| INVOKING Heroism.
  3422 | D:5      | Reached skill level 1 in Dodging
  3422 | D:5      | 3422 ||| Stepping ~*~*~tactically~*~*~ (hiding).
  3423 | D:5      | 3423 ||| Stepping ~*~*~tactically~*~*~ (hiding).
  3430 | D:5      | Reached XP level 7. HP: 41/43 MP: 5/7
  3435 | D:5      | HP: 9/43 [orc priest/divine providence (11)]
  3436 | D:5      | 3436 ||| READING 2 scrolls of teleportation.
  3436 | D:5      | Killed from afar by an orc priest

Levels and vault maps discovered:
D:1:      dpeg_arrival_brainrot, layout_rooms, roderic_lattice_a,
          minmay_tromino_mix6
D:2:      layout_loops_cross
D:3:      layout_loops_cross, nicolae_overflow_two_pavilions, serial_shops,
          shop_fountains, grunt_ministairs_5, uniq_pargi
D:4:      layout_loops_corners, kennysheep_windowed_goal
D:5:      layout_basic, doesnt_shop_hydraphobe

Skill      XL: |  1  2  3  4  5  6 |
---------------+-------------------+-----
Axes           | 2 3 4 5 6 |  6.3
Fighting       | 4 |  4.0
Dodging        | 1 |  1.0
Armour         | |  3.2
Shields        | |  3.2
Invocations    | |  0.2

Action                     |  1- 3 |  4- 6 |  7- 9 || total
---------------------------+-------+-------+-------++-------
  Melee: War axe           |   103 |   150 |       ||   253
         Broad axe         |       |    10 |     6 ||    16
 Invoke: Heroism           |       |     1 |       ||     1
    Use: Scroll            |     5 |     8 |     1 ||    14
         Potion            |       |     1 |       ||     1
 Armour: Scale mail        |    31 |       |       ||    31
         Chain mail        |    23 |   123 |     3 ||   149
  Dodge: Dodged            |    39 |    62 |       ||   101
  Block: Buckler           |    25 |    36 |       ||    61

Table legend:
 A = Non-vault XP
 B = Vault XP
 C = Vault XP percentage of total XP
 D = Non-vault monster count
 E = Vault monster count
 F = Vault count percentage of total count
                 A         B        C        D         E       F
            +---------+---------+-------+---------+---------+-------
      Total |     493 |     192 |  28.0 |      75 |       9 |  10.7
            +---------+---------+-------+---------+---------+-------
        D:1 |      39 |      13 |  25.0 |      22 |       5 |  18.5
        D:2 |      66 |       0 |   0.0 |      21 |       0 |   0.0
        D:3 |      69 |     137 |  66.5 |      15 |       3 |  16.7
        D:4 |     180 |      42 |  18.9 |      12 |       1 |   7.7
        D:5 |     139 |       0 |   0.0 |       5 |       0 |   0.0
            +---------+---------+-------+---------+---------+-------
